 Dungeon Crawl Stone Soup version 0.22-a0-525-gf69a080 (webtiles) character file.

18 xravenx the Ruffian (level 2, 0/24 HPs)
             Began as a Draconian Transmuter on June 22, 2018.
             Slain by an orc
             ... wielding a +0 hand axe
              (6 damage)
             ... on level 2 of the Dungeon.
             The game lasted 00:04:23 (542 turns).

xravenx the Ruffian (Draconian Transmuter)           Turns: 542, Time: 00:04:23

Health: 0/24       AC:  4    Str: 12    XL:     2   Next: 51%
Magic:  5/5        EV: 12    Int: 13    God:
Gold:   0          SH:  0    Dex: 11    Spells: 4/5 levels left

rFire    . . .     SeeInvis .     - Unarmed
rCold    . . .     Gourm    .   (no shield)
rNeg     . . .     Faith    .   (armour unavailable)
rPois    .         Spirit   .   (helmet restricted)
rElec    .         Reflect  .   (no cloak)
rCorr    .         Harm     .   (no gloves)
MR       .....                  (no boots)
Stlth    +.........             (no amulet)
HPRegen  0.08/turn              (no ring)
MPRegen  0.09/turn              (no ring)

@: no status effects
A: unfitting armour, cold-blooded, AC +4
a: no special abilities


You were on level 2 of the Dungeon.
You were not hungry.

You visited 1 branch of the dungeon, and saw 2 of its levels.

Inventory:

Missiles
 a - 12 arrows
 f - a stone (quivered)
Scrolls
 b - a scroll of enchant armour {unknown}
 d - a scroll of fear {unknown}
 e - a scroll of enchant weapon {unknown}
Potions
 g - 2 potions of haste {unknown}
Comestibles
 c - 2 rations
 h - a chunk of flesh


   Skills:
 + Level 2.1 Fighting
 - Level 1.7 Dodging
 + Level 3.4 Unarmed Combat
 - Level 2.0 Spellcasting
 - Level 2.0 Transmutations


You had 4 spell levels left.
You knew the following spells:

 Your Spells              Type           Power        Failure   Level  Hunger
a - Beastly Appendage     Tmut           #.....       11%         1    ##.....

Your spell library contained the following spells:

 Spells                   Type           Power        Failure   Level  Hunger
 Spider Form              Tmut/Pois      #.........   45%         3    ####...
 Blade Hands              Tmut           #.........   97%         5    ######.
 Ice Form                 Ice/Tmut       #.......     86%         4    #####..
 Sticks to Snakes         Tmut           #.......     17%         2    ###....


Dungeon Overview and Level Annotations

Branches:
Dungeon (1/15)

Altars:


Innate Abilities, Weirdness & Mutations

Your plain brown scales are hard. (AC +4)
You cannot fit into any form of body armour.
You are cold-blooded and may be slowed by cold attacks.


Message History

The jackal is severely wounded.
The jackal bites you. x2
* * * LOW HITPOINT WARNING * * *
You closely miss the jackal.
The jackal is severely wounded.
The jackal closely misses you.
You closely miss the jackal.
You headbutt the jackal, but do no damage.
You kill the jackal!
You barely miss the orc. Your headbutt misses the orc.
The orc barely misses you.
You hit the orc.
You tail-slap the orc, but do no damage.
The orc is lightly wounded.
The orc misses you.
You hit the orc. You headbutt the orc, but do no damage.
The orc is moderately wounded.
Your horns disappear.
The orc hits you with a hand axe.
You die...

### #.#
###########.#
#...h)......#
#†#########.#
#@# #..h #o#
####.. #.#
.h. #.# ..
#.# . #.#
#.o.....#
#o#.....#
#####.#


You could see an orc.

Vanquished Creatures
  3 orcs (D:2)
  A giant cockroach (D:1)
  4 jackals (D:2)
  A kobold (D:1)
  3 goblins (D:1)
  A rat (D:1)
13 creatures vanquished.

Notes
Turn   | Place    | Note
-------+----------+-------------------------------------------
     0 | D:1      | xravenx the Draconian Transmuter began the quest for the Orb.
     0 | D:1      | Reached XP level 1. HP: 16/16 MP: 3/3
   436 | D:1      | You fall through a shaft!
   497 | D:2      | Reached XP level 2. HP: 12/24 MP: 3/5
   542 | D:2      | Slain by an orc

Vault maps used:
D:1:      dpeg_arrival_long_road
D:2:      kiku_gazebo_pond_becter, overflow_temple_1_default

Skill      XL: |  1  2 |
---------------+-------+-----
Fighting       | 2 |  2.1
Dodging        | |  1.7
Unarmed Combat | |  3.4
Spellcasting   | |  2.0
Transmutations | |  2.0

Action                   || total
-------------------------++-------
Melee: Unarmed           ||    45
       Kick              ||     6
       Tailslap          ||     5
       Headbutt          ||     4
 Cast: Beastly Appendage ||     8
Armor: Skin              ||     9
Dodge: Dodged            ||    14

Table legend:
 A = Spawn XP
 B = Non-spawn XP
 C = Spawn XP percentage of total XP
 D = Spawn monster count
 E = Non-spawn monster count
 F = Spawn count percentage of total count
 G = Total turns spent on level
                    A         B        C        D         E        F      G
               +---------+---------+-------+---------+---------+-------+---------
         Total |       0 |      27 |   0.0 |       0 |      13 |   0.0 |   542
               +---------+---------+-------+---------+---------+-------+---------
           D:1 |       0 |      10 |   0.0 |       0 |       6 |   0.0 |   436
           D:2 |       0 |      17 |   0.0 |       0 |       7 |   0.0 |   106
               +---------+---------+-------+---------+---------+-------+---------
